 Dungeon Crawl Stone Soup version 0.28-a0-724-g66f9036eb4 (webtiles) character file.

Game seed: 769122614293021193

375 Demosthentine the Skirmisher (level 6, -1/56 HPs)
             Began as a Hill Orc Fighter on Oct 26, 2021.
             Killed from afar by a steam dragon (3 damage)
             ... with a ball of steam
             ... on level 4 of the Dungeon.
             The game lasted 00:03:27 (3632 turns).

Demosthentine the Skirmisher (Hill Orc Fighter)     Turns: 3632, Time: 00:03:28

Health: -1/56      AC:  8    Str: 20    XL:     6   Next: 73%
Magic:  6/6        EV: 10    Int:  8    God:
Gold:   118        SH:  4    Dex: 11    Spells: 5/5 levels left

rFire   . . .      SeeInvis .   a - +0 war axe
rCold   . . .      Faith    .   c - +0 buckler
rNeg    . . .      Spirit   .   b - +0 scale mail
rPois   .          Reflect  .   (no helmet)
rElec   .          Harm     .   (no cloak)
rCorr   .          Rampage  .   n - +0 pair of gloves
Will    .....                   (no boots)
Stlth   ..........              (no amulet)
HPRegen 0.18/turn               (no ring)
MPRegen 0.10/turn               (no ring)

@: no status effects
A: no striking features
a: no special abilities


You were on level 4 of the Dungeon.
You visited 1 branch of the dungeon, and saw 4 of its levels.

You collected 211 gold pieces.
You spent 93 gold pieces at shops.

Inventory:

Hand Weapons
 a - a +0 war axe (weapon)
Armour
 b - a +0 scale mail (worn)
 c - a +0 buckler (worn)
 n - a +0 pair of gloves (worn)
Jewellery
 l - a ring of fire
 r - an amulet of regeneration
Scrolls
 g - a scroll of teleportation
 o - 2 scrolls of identify
 p - a scroll of fear {unknown}
 q - a scroll of fog {unknown}
Potions
 d - 2 potions of might
 f - a potion of mutation
 h - a potion of haste
 i - 2 potions of lignification {unknown}
 j - a potion of berserk rage {unknown}
 k - 4 potions of curing
 m - 2 potions of degeneration {unknown}


   Skills:
 + Level 5.2 Fighting
 + Level 4.9 Axes
 + Level 4.7 Armour
 + Level 2.3 Dodging
 - Level 4.0 Shields


You had 5 spell levels left.
You didn't know any spells.
Your spell library contained the following spells:

 Spells                   Type           Power      Damage    Failure   Level
 Sandblast                Erth           0%         2d4       75%         1
 Passwall                 Tmut/Erth      0%         N/A       87%         2
 Stone Arrow              Conj/Erth      0%         3d7       98%         3


Dungeon Overview and Level Annotations

Branches:
Dungeon (4/15)
 Temple: D:4-7

Altars:
Ru

Shops:
D:1 =?(:*


Message History

Unknown command.
Unknown command.
You feel much better. The gnoll misses you.
The quokka bites you but does no damage.
The steam dragon bites you but does no damage.
The steam dragon claws you but does no damage.
The gnoll is engulfed in a cloud of scalding steam.
The gnoll hits you with a +0 flail. The gnoll closely misses you.
Unknown command.
You barely miss the gnoll.
The gnoll is heavily wounded.
You slash the gnoll! x2
You kill the gnoll!
You closely miss the steam dragon. You slash the quokka!
You kill the quokka!
The gnoll hits you with a +2 halberd of flaming.
The gnoll burns you. The steam dragon bites you.
You block the steam dragon's attack. You block the gnoll's attack.
The gnoll closely misses you.
You barely miss the gnoll.
The gnoll is heavily wounded.
You hit the steam dragon but do no damage.
You hit the gnoll but do no damage. The steam dragon breathes steam at you.
The ball of steam hits you!
* * * LOW HITPOINT WARNING * * *
You block the gnoll's attack. The gnoll closely misses you.
The steam dragon breathes steam at you. The ball of steam misses you.
You block the gnoll's attack. The gnoll hits you but does no damage.
The steam dragon bites you.
* * * LOW HITPOINT WARNING * * *
The steam dragon claws you but does no damage.
Unknown command.
You slash the steam dragon!
The steam dragon is almost dead.
The gnoll hits you but does no damage. You block the gnoll's attack.
The steam dragon breathes steam at you. The ball of steam hits you.
You die...

..............#.#####
.................#...#
..>..............###.###
................## #...#
...............## ###.#
................## #.#
.............##..## #.#
..........>#####..# ##.#
......D@)..# ##.###...
......§.§..# #.......
......gg...# ####.(.†
..........§.... ###..
..........##### ##.
..........# #.
...#..#.... #.
$.......#..... #.
)...##..####..## .## ##.


You could see a steam dragon (catching breath) and 2 gnolls.

Vanquished Creatures
  A sky beast (D:4)
  Blork the orc (D:4)
  A scorpion (D:4)
  Robin (D:2)
  A gnoll (D:4)
  5 adders
  An ufetubus (D:4)
  6 worms
  A dart slug (D:1)
  8 ball pythons
  4 endoplasms
  3 giant cockroaches (D:1)
  12 hobgoblins
  5 kobolds
  3 quokkas
  A bat (D:1)
  4 frilled lizards
  13 goblins
  5 rats
76 creatures vanquished.

Vanquished Creatures (others)
  2 fungi (D:2)
  3 plants (D:2)
5 creatures vanquished.

Grand Total: 81 creatures vanquished

Notes
Turn   | Place    | Note
-------+----------+-------------------------------------------
     0 | D:1      | Demosthentine the Hill Orc Fighter began the quest for the
                  | Orb.
     0 | D:1      | Reached XP level 1. HP: 19/19 MP: 1/1
    84 | D:1      | Found Sesionne's General Store.
   162 | D:1      | Reached XP level 2. HP: 27/27 MP: 2/2
   168 | D:1      | Found Nolouwn's Antique Weapon Shop.
   194 | D:1      | Found Qiufa's Book Boutique.
   790 | D:1      | Found Siumoin's Magic Scroll Boutique.
   886 | D:1      | Reached XP level 3. HP: 33/33 MP: 3/3
   976 | D:1      | Found Diebb's Jewellery Emporium.
  1170 | D:2      | Reached skill level 4 in Fighting
  1482 | D:2      | Reached skill level 1 in Dodging
  1566 | D:2      | Noticed Robin
  1572 | D:2      | Killed Robin
  1573 | D:2      | Reached XP level 4. HP: 36/40 MP: 4/4
  2020 | D:2      | Found a faded altar of an unknown god.
  2198 | D:1      | Bought a scroll of teleportation for 33 gold pieces
  2248 | D:1      | Bought 3 scrolls of identify for 60 gold pieces
  2847 | D:4      | Noticed a sky beast
  2857 | D:4      | Reached XP level 5. HP: 36/47 MP: 5/5
  2858 | D:4      | Killed a sky beast
  2986 | D:4      | Reached skill level 5 in Fighting
  2986 | D:4      | Reached XP level 6. HP: 36/56 MP: 6/6
  3128 | D:4      | Noticed Blork the orc
  3138 | D:4      | Killed Blork the orc
  3552 | D:4      | Found a sacrificial altar of Ru.
  3620 | D:4      | Noticed a steam dragon
  3631 | D:4      | HP: 2/56 [steam dragon (4)]
  3632 | D:4      | Killed from afar by a steam dragon

Illustrated notes

Levels and vault maps discovered:
D:1:      minmay_arrival_checkered_box, layout_loops_corners, serial_shops,
          nicolae_shop_overgrown_old_shop,
          nicolae_shop_competitors_out_of_business, nicolae_shop_crystal, shop,
          shop
D:2:      layout_basic, dreamdust_ecumenical_altar_grove, uniq_robin
D:3:      layout_loops_cross
D:4:      layout_rooms, old_standard_altar, uniq_blork_the_orc

Skill      XL: |  1  2  3  4  5 |
---------------+----------------+-----
Axes           | 3 4 |  4.9
Fighting       | 4 5 |  5.2
Dodging        | 1 2 |  2.3
Armour         | 4 |  4.7
Shields        | 4 |  4.0

Action                   |  1- 3 |  4- 6 || total
-------------------------+-------+-------++-------
Melee: War axe           |   102 |   119 ||   221
  Use: Scroll            |     2 |     6 ||     8
       Potion            |       |     1 ||     1
Armor: Scale mail        |    49 |    48 ||    97
Dodge: Dodged            |    41 |    65 ||   106
Block: Buckler           |    20 |    34 ||    54

Table legend: (Time is in decaauts)
 A = Elapsed time spent in this place.
 B = Non-inter-level travel time spent in this place.
 C = Inter-level travel time spent in this place.
 D = Time resting spent in this place.
 E = Time spent auto-exploring this place.
 F = Levels seen in this place.
 G = Mean time per level.
                   A        B        C        D        E       F      G
               +--------+--------+--------+--------+--------+-----+--------+
         Total |   3703 |   3538 |    165 |      0 |   2985 |   4 |  925.8 |
       Dungeon |   3703 |   3538 |    165 |      0 |   2985 |   4 |  925.8 |
               +--------+--------+--------+--------+--------+-----+--------+

Top non-repeatable levels by time:
     D:1: 1286 daAuts
     D:2: 1052 daAuts
     D:4: 801 daAuts
     D:3: 562 daAuts
